SL
THUNDER BAY NORTHERN LIONS BC @ D.C. DIVIDED
06/17/2038
 
TOP OF THE 1ST
Thunder Bay Northern Lions BC batting - Pitching for D.C. Divided : LHP Manuel Paílla
Pitching: LHP Manuel Paílla
Batting: RHB Miracle Crimes 0-0: Ball
1-0: Ground out 5-3 (Groundball, 56, EV 101.2 MPH)
Batting: LHB Ramón Padilla 0-0: Ball
1-0: Foul Ball, location: 2F
1-1: Ball
2-1: Ball
3-1: Base on Balls
Batting: LHB Jorge Herrera 0-0: Ball
1-0: Ball
2-0: Called Strike
2-1: 2-RUN HOME RUN (Line Drive, 9LD, EV 98.8 MPH), Distance : 346 ft
Batting: RHB Jason Slaybaugh 0-0: Foul Ball, location: 2F
0-1: Foul Ball, location: 2F
0-2: Foul Ball, location: 2F
0-2: Ball
1-2: Ball
2-2: Foul Ball, location: 2F
2-2: Foul Ball, location: 2F
2-2: Ball
3-2: Fly out, F6 (Popup, 6M, EV 65.0 MPH)
Batting: RHB Naganori Takahashi 0-0: Foul Ball, location: 2F
0-1: Fly out, F7 (Line Drive, 7D, EV 90.0 MPH)
Top of the 1st over - 2 runs, 1 hit, 0 errors, 0 left on base; Thunder Bay 2 - D.C. 0
BOTTOM OF THE 1ST
D.C. Divided batting - Pitching for Thunder Bay Northern Lions BC : RHP Roger Rodenburg
Pitching: RHP Roger Rodenburg
Batting: RHB Kimi Okubo 0-0: Ball
1-0: Ball
2-0: Ball
3-0: Base on Balls
Batting: RHB Martín Chávez 0-0: Ball
1-0: Ball
2-0: Fly out, F8 (Flyball, 8LXD, EV 107.5 MPH)
Runner from 1st tags up, SAFE at 2nd
Batting: RHB Ken Bone 0-0: Foul Ball, location: 2F
0-1: Ball
1-1: Foul Ball, location: 2F
1-2: Fly out, F8 (Line Drive, 8RD, EV 93.8 MPH)
Batting: LHB Alex Avery 0-0: Called Strike
0-1: Ball
1-1: Ball
2-1: Foul Ball, location: 2F
2-2: Foul Ball, location: 2F
2-2: 2-RUN HOME RUN (Flyball, 9LD, EV 90.6 MPH), Distance : 341 ft
Batting: RHB Amon-Ra St. Brown 0-0: Foul Ball, location: 2F
0-1: Foul Ball, location: 2F
0-2: Ball
1-2: Ground out 5-3 (Groundball, 56, EV 105.0 MPH)
Bottom of the 1st over - 2 runs, 1 hit, 0 errors, 0 left on base; Thunder Bay 2 - D.C. 2
TOP OF THE 2ND
Thunder Bay Northern Lions BC batting - Pitching for D.C. Divided : LHP Manuel Paílla
Batting: RHB Rusty Fox 0-0: Called Strike
0-1: Ball
1-1: Ball
2-1: Foul Ball, location: 2F
2-2: Foul Ball, location: 2F
2-2: Fly out, F9 (Flyball, 9LS, EV 88.1 MPH)
Batting: LHB Barry Flauker 0-0: Called Strike
0-1: Ball
1-1: Ball
2-1: Ball
3-1: Called Strike
3-2: Fly out, F7 (Flyball, 7, EV 93.1 MPH)
Batting: LHB Kevin de Bruyne 0-0: Called Strike
0-1: Swinging Strike
0-2: Ball
1-2: SINGLE (Line Drive, 89S, EV 94.4 MPH)
Batting: LHB Tullu Amaad 0-0: Ball
1-0: Fly out, F8 (Flyball, 8RD, EV 93.8 MPH)
Top of the 2nd over - 0 runs, 1 hit, 0 errors, 1 left on base; Thunder Bay 2 - D.C. 2
BOTTOM OF THE 2ND
D.C. Divided batting - Pitching for Thunder Bay Northern Lions BC : RHP Roger Rodenburg
Batting: RHB Chip Mullaney 0-0: Swinging Strike
0-1: Ball
1-1: Foul Ball, location: 2F
1-2: Fly out, F7 (Line Drive, 7D, EV 93.1 MPH)
Batting: RHB Chris Hall 0-0: Called Strike
0-1: Fly out, F2 (Popup, 23F, EV 82.5 MPH)
Batting: RHB Charles Atkinson 0-0: Fly out, F8 (Line Drive, 8RD, EV 86.2 MPH)
Bottom of the 2nd over - 0 runs, 0 hits, 0 errors, 0 left on base; Thunder Bay 2 - D.C. 2
TOP OF THE 3RD
Thunder Bay Northern Lions BC batting - Pitching for D.C. Divided : LHP Manuel Paílla
Batting: RHB Miracle Crimes 0-0: Called Strike
0-1: Ball
1-1: Ball
2-1: Ball
3-1: Swinging Strike
3-2: Ground out 6-3 (Groundball, 6, EV 85.6 MPH)
Batting: LHB Ramón Padilla 0-0: Called Strike
0-1: Ball
1-1: Swinging Strike
1-2: Ball
2-2: Ball
3-2: Ground out 1-3 (Groundball, 34S, EV 72.5 MPH)
Batting: LHB Jorge Herrera 0-0: Fly out, F8 (Flyball, 78D, EV 107.5 MPH)
Top of the 3rd over - 0 runs, 0 hits, 0 errors, 0 left on base; Thunder Bay 2 - D.C. 2
BOTTOM OF THE 3RD
D.C. Divided batting - Pitching for Thunder Bay Northern Lions BC : RHP Roger Rodenburg
Batting: RHB Alejandro Carrillo 0-0: Ball
1-0: SINGLE (Groundball, 4D, EV 100.6 MPH)
Batting: RHB Kimi Okubo 0-0: Ball
1-0: Ball
2-0: Swinging Strike
2-1: Ball
Wild Pitch!
Alejandro Carrillo to second
3-1: Base on Balls
Batting: RHB Martín Chávez 0-0: Called Strike
0-1: Fly out, F8 (Flyball, 8LS, EV 86.9 MPH)
Batting: RHB Ken Bone 0-0: Grounds into double play, 4-6-3 (Groundball, 34, EV 86.2 MPH)
Bottom of the 3rd over - 0 runs, 1 hit, 0 errors, 1 left on base; Thunder Bay 2 - D.C. 2
TOP OF THE 4TH
Thunder Bay Northern Lions BC batting - Pitching for D.C. Divided : LHP Manuel Paílla
Batting: RHB Jason Slaybaugh 0-0: Called Strike
0-1: Called Strike
0-2: Ball
1-2: Foul Ball, location: 2F
1-2: SINGLE (Line Drive, 6MD, EV 100.6 MPH)
Batting: RHB Naganori Takahashi 0-0: Called Strike
0-1: Swinging Strike
0-2: Strikes out swinging
Batting: RHB Rusty Fox 0-0: Called Strike
0-1: Ball
1-1: Ball
2-1: Foul Ball, location: 2F
2-2: Ball
3-2: Base on Balls
Jason Slaybaugh to second
Batting: LHB Barry Flauker 0-0: Called Strike
0-1: Called Strike
0-2: Ball
1-2: Foul Ball, location: 2F
1-2: Ball
2-2: Foul Ball, location: 2F
2-2: Strikes out swinging
Batting: LHB Kevin de Bruyne 0-0: Ground out 4-3 (Groundball, 4, EV 86.2 MPH)
Top of the 4th over - 0 runs, 1 hit, 0 errors, 2 left on base; Thunder Bay 2 - D.C. 2
BOTTOM OF THE 4TH
D.C. Divided batting - Pitching for Thunder Bay Northern Lions BC : RHP Roger Rodenburg
Batting: LHB Alex Avery 0-0: Called Strike
0-1: SOLO HOME RUN (Flyball, 89XD, EV 91.9 MPH), Distance : 439 ft
Batting: RHB Amon-Ra St. Brown 0-0: Fly out, F9 (Flyball, 9, EV 88.1 MPH)
Batting: RHB Chip Mullaney 0-0: Ball
1-0: Ball
2-0: Swinging Strike
2-1: Swinging Strike
2-2: Strikes out swinging
Batting: RHB Chris Hall 0-0: Ball
1-0: Called Strike
1-1: Ground out 6-3 (Groundball, 6, EV 80.0 MPH)
Bottom of the 4th over - 1 run, 1 hit, 0 errors, 0 left on base; Thunder Bay 2 - D.C. 3
TOP OF THE 5TH
Thunder Bay Northern Lions BC batting - Pitching for D.C. Divided : LHP Manuel Paílla
Batting: LHB Tullu Amaad 0-0: Ball
1-0: Fly out, F8 (Flyball, 8LD, EV 94.4 MPH)
Batting: RHB Miracle Crimes 0-0: Ball
1-0: Swinging Strike
1-1: Ground out 4-3 (Groundball, 4, EV 83.8 MPH)
Batting: LHB Ramón Padilla 0-0: Fly out, F9 (Flyball, 9S, EV 88.1 MPH)
Top of the 5th over - 0 runs, 0 hits, 0 errors, 0 left on base; Thunder Bay 2 - D.C. 3
BOTTOM OF THE 5TH
D.C. Divided batting - Pitching for Thunder Bay Northern Lions BC : RHP Roger Rodenburg
Batting: RHB Charles Atkinson 0-0: Swinging Strike
0-1: Ball
1-1: Ball
2-1: Called Strike
2-2: Ball
3-2: Foul Ball, location: 2F
3-2: Fly out, F4 (Popup, 23, EV 79.4 MPH)
Batting: RHB Alejandro Carrillo 0-0: Ball
1-0: Fly out, F9 (Line Drive, 9, EV 88.8 MPH)
Batting: RHB Kimi Okubo 0-0: Called Strike
0-1: Foul Ball, location: 2F
0-2: Ball
1-2: Ball
2-2: Foul Ball, location: 2F
2-2: Ball
3-2: Foul Ball, location: 2F
3-2: Foul Ball, location: 2F
3-2: Fly out, F9 (Flyball, 9LS, EV 80.6 MPH)
Bottom of the 5th over - 0 runs, 0 hits, 0 errors, 0 left on base; Thunder Bay 2 - D.C. 3
TOP OF THE 6TH
Thunder Bay Northern Lions BC batting - Pitching for D.C. Divided : LHP Manuel Paílla
Batting: LHB Jorge Herrera 0-0: SOLO HOME RUN (Flyball, 9D, EV 98.1 MPH), Distance : 422 ft
Batting: RHB Jason Slaybaugh 0-0: Ball
1-0: Fly out, F8 (Line Drive, 8RM, EV 94.4 MPH)
Batting: RHB Naganori Takahashi 0-0: Ball
1-0: Ball
2-0: Ball
3-0: Base on Balls
Batting: RHB Rusty Fox 0-0: Ball
1-0: Foul Ball, location: 2F
1-1: Called Strike
1-2: Ball
2-2: Grounds into double play, 4-6-3 (Groundball, 4, EV 96.9 MPH)
Top of the 6th over - 1 run, 1 hit, 0 errors, 0 left on base; Thunder Bay 3 - D.C. 3
BOTTOM OF THE 6TH
D.C. Divided batting - Pitching for Thunder Bay Northern Lions BC : RHP Roger Rodenburg
Batting: RHB Martín Chávez 0-0: Fly out, F7 (Flyball, 78D, EV 94.4 MPH)
Batting: RHB Ken Bone 0-0: Foul Ball, location: 2F
0-1: Fly out, F7 (Line Drive, 7S, EV 98.1 MPH)
Batting: LHB Alex Avery 0-0: Ground out 1-3 (Groundball, 34S, EV 93.1 MPH)
Bottom of the 6th over - 0 runs, 0 hits, 0 errors, 0 left on base; Thunder Bay 3 - D.C. 3
TOP OF THE 7TH
Thunder Bay Northern Lions BC batting - Pitching for D.C. Divided : LHP Manuel Paílla
Pitching: RHP Luis Bejarano
Batting: LHB Barry Flauker 0-0: Ball
1-0: Ball
2-0: Ground out 4-3 (Groundball, 4M, EV 87.5 MPH)
Batting: LHB Kevin de Bruyne 0-0: Foul Ball, location: 2F
0-1: Ball
1-1: Foul Ball, location: 2F
1-2: Strikes out swinging
Batting: LHB Tullu Amaad 0-0: Called Strike
0-1: Ball
1-1: Ball
2-1: Ball
3-1: Base on Balls
Batting: RHB Miracle Crimes 0-0: Called Strike
0-1: Called Strike
0-2: Ball
1-2: Ball
2-2: Fielders Choice at 2nd, 6-4 (Groundball, 56, EV 101.9 MPH)
Top of the 7th over - 0 runs, 0 hits, 0 errors, 1 left on base; Thunder Bay 3 - D.C. 3
BOTTOM OF THE 7TH
D.C. Divided batting - Pitching for Thunder Bay Northern Lions BC : RHP Roger Rodenburg
Batting: RHB Amon-Ra St. Brown 0-0: Ball
1-0: Swinging Strike
1-1: Ball
2-1: Foul Ball, location: 2F
2-2: Foul Ball, location: 2F
2-2: Foul Ball, location: 2F
2-2: Foul Ball, location: 2F
2-2: Foul Ball, location: 2F
2-2: Foul Ball, location: 2F
2-2: Foul Ball, location: 2F
2-2: Foul Ball, location: 2F
2-2: SINGLE (Groundball, 56D, EV 96.9 MPH)
Batting: RHB Chip Mullaney 0-0: Bunt missed!
0-1: Ball
1-1: Bunted foul
1-2: Ball
2-2: Foul Ball, location: 2F
2-2: Fly out, F8 (Flyball, 8RS, EV 85.6 MPH)
Batting: RHB Chris Hall 0-0: Ball
1-0: Swinging Strike
1-1: Fielders Choice at 2nd, 4-6 (Groundball, 34, EV 87.5 MPH)
Batting: RHB Charles Atkinson 0-0: SINGLE (Groundball, 56D, EV 99.4 MPH)
Chris Hall to second
Pinch Runner at 2nd Vance Corkum:
Batting: RHB Alejandro Carrillo 0-0: Ball
1-0: Called Strike
1-1: Fly out, F8 (Line Drive, 8LM, EV 91.9 MPH)
Bottom of the 7th over - 0 runs, 2 hits, 0 errors, 2 left on base; Thunder Bay 3 - D.C. 3
TOP OF THE 8TH
Thunder Bay Northern Lions BC batting - Pitching for D.C. Divided : RHP Luis Bejarano
Now at 3B: Robin Colwill
Batting: LHB Ramón Padilla 0-0: Called Strike
0-1: SINGLE (Groundball, 34D, EV 103.1 MPH)
Pitching: RHP Trevor Brohard
Batting: LHB Jorge Herrera 0-0: Ball
1-0: Foul Ball, location: 2F
1-1: Ball
2-1: Ball
3-1: Grounds into double play, 4-6-3 (Groundball, 4, EV 107.5 MPH)
Batting: RHB Jason Slaybaugh 0-0: Ball
1-0: Ball
2-0: Called Strike
2-1: Ball
3-1: Base on Balls
Batting: RHB Naganori Takahashi 0-0: Called Strike
0-1: Fielders Choice at 2nd, 5-4 (Groundball, 56, EV 91.9 MPH)
Top of the 8th over - 0 runs, 1 hit, 0 errors, 1 left on base; Thunder Bay 3 - D.C. 3
BOTTOM OF THE 8TH
D.C. Divided batting - Pitching for Thunder Bay Northern Lions BC : RHP Roger Rodenburg
Batting: RHB Kimi Okubo 0-0: Swinging Strike
0-1: Ball
1-1: Foul Ball, location: 2F
1-2: Fly out, F6 (Line Drive, 6, EV 66.2 MPH)
Batting: RHB Martín Chávez 0-0: Ball
1-0: Called Strike
1-1: Ball
2-1: Ball
3-1: DOUBLE (Flyball, 89XD, EV 105.6 MPH)
Pitching: LHP Santiago Pérez
Batting: RHB Ken Bone 0-0: Ball
1-0: Ball
Martín Chávez steals 3rd base (no throw)
2-0: Ball
3-0: Base on Balls
Batting: LHB Alex Avery 0-0: Foul Ball, location: 2F
0-1: Ball
1-1: 3-RUN HOME RUN (Flyball, 9D, EV 100.0 MPH), Distance : 390 ft
Batting: RHB Amon-Ra St. Brown 0-0: Called Strike
0-1: Fly out, F9 (Line Drive, 9, EV 93.1 MPH)
Batting: RHB Chip Mullaney 0-0: Ball
1-0: Fly out, F8 (Flyball, 8RD, EV 77.5 MPH)
Bottom of the 8th over - 3 runs, 2 hits, 0 errors, 0 left on base; Thunder Bay 3 - D.C. 6
TOP OF THE 9TH
Thunder Bay Northern Lions BC batting - Pitching for D.C. Divided : RHP Trevor Brohard
Pitching: RHP Roberto Silva
Batting: RHB Rusty Fox 0-0: Foul Ball, location: 2F
0-1: Swinging Strike
0-2: Strikes out swinging
Batting: LHB Barry Flauker 0-0: Called Strike
0-1: Swinging Strike
0-2: Ball
1-2: Foul Ball, location: 2F
1-2: Ball
2-2: Ball
3-2: Base on Balls
Batting: LHB Kevin de Bruyne 0-0: Ball
1-0: Foul Ball, location: 2F
1-1: Ball
2-1: SINGLE (Flyball, 7S, EV 95.0 MPH)
Barry Flauker to second
Pinch Hitting: LHB Sébastien Cornu 0-0: Ball
1-0: Ball
2-0: Called Strike
2-1: Ball
3-1: Called Strike
3-2: Foul Ball, location: 2F
3-2: Strikes out swinging
Kevin de Bruyne steals 2nd base (no throw)
Barry Flauker steals 3rd base
Batter strikes out.
Batting: RHB Miracle Crimes 0-0: Ball
1-0: Called Strike
1-1: Foul Ball, location: 2F
1-2: Strikes out swinging wild pitch, reaches first!
Barry Flauker scores
Kevin de Bruyne to third
Batting: LHB Ramón Padilla 0-0: Ball
1-0: Ball
2-0: Fly out, F9 (Flyball, 9, EV 93.8 MPH)
Top of the 9th over - 1 run, 1 hit, 0 errors, 2 left on base; Thunder Bay 4 - D.C. 6
Friday, April 17th, 2020 - OOTP Baseball 20.8 Build 74